Map: Tokamak LE

Players

HeroMarine - Winner!

  • Race: Terran Terran
  • Spawn Location: 7:00

Astrea

  • Race: Protoss Protoss
  • Spawn Location: 1:00

Event: Esports World Cup 2025

VOD

Have the link to the VOD?

Description

Time

  • Played on: July 22, 2025, 8:01 a.m.
  • Length: 10:37

All games in this series

Show
View Real Time Build Order
Export as new Build Order

HeroMarine Terran - Winner!

Build Orders:  

Get SALT Encoding   

  12  0:00  SCV  
  13  0:12  SCV  
  14  0:16  Supply Depot  
  14  0:24  SCV  
  15  0:38  SCV  
  15  0:39  Barracks  
  16  0:43  Refinery  
  16  0:50  SCV  
  16  0:52  Refinery  
  17  1:02  SCV  
  18  1:14  SCV  
  19  1:26  Orbital Command, Reaper  
  20  1:40  Factory  
  20  1:47  Supply Depot  
  20  1:52  SCV  
  21  1:58  Reaper  
  22  2:04  SCV  
  23  2:14  Command Center  
  23  2:17  SCV  
  24  2:29  SCV  
  25  2:31  Starport  
  25  2:33  Barracks Reactor  
  25  2:37  Supply Depot  
  25  2:41  Widow Mine  
  27  2:44  SCV  
  28  2:57  SCV  
  29  3:02  Widow Mine  
  31  3:07  Medivac  
  31  3:09  SCV  
  31  3:10  Marine x2  
  36  3:21  SCV  
  36  3:25  Factory Tech Lab  
  37  3:28  Orbital Command, Marine x2  
  37  3:33  SCV  
  40  3:40  Barracks  
  40  3:45  SCV  
  40  3:46  Marine x2  
  43  3:49  Raven  
  43  3:50  Factory Tech Lab  
  45  3:55  SCV  
  45  3:57  SCV  
  45  3:59  Supply Depot  
  47  4:08  Siege Tank, SCV  
  47  4:09  SCV  
  52  4:10  Marine  
  52  4:12  Marine  
  54  4:21  SCV x2  
  56  4:28  Marine  
  58  4:32  Barracks  
  58  4:33  SCV x2  
  58  4:36  Marine  
  58  4:40  Supply Depot, Siege Tank  
  58  4:42  Stimpack  
  58  4:45  SCV  
  62  4:51  Refinery  
  62  4:55  Engineering Bay  
  62  4:59  Supply Depot  
  62  5:01  Marine x3, SCV x2  
  67  5:09  Supply Depot  
  70  5:14  SCV x2  
  70  5:19  Marine  
  70  5:20  Refinery, Marine  
  70  5:21  Marauder  
  73  5:22  Terran Infantry Weapons Level 1  
  73  5:23  Factory Reactor, Starport Reactor  
  73  5:25  Supply Depot  
  73  5:26  SCV x2  
  76  5:36  Combat Shield  
  76  5:37  Marine  
  76  5:38  Marine  
  76  5:39  SCV x2  
  81  5:43  Supply Depot  
  81  5:46  Marauder x2  
  83  5:54  Command Center, Marine  
  83  5:56  Marine  
  85  6:00  Medivac  
  85  6:01  Medivac  
  89  6:05  Supply Depot, SCV x2  
  91  6:14  Marauder x2  
  91  6:16  Marine x2  
  91  6:17  SCV x2  
  99  6:23  Supply Depot  
  101  6:25  Widow Mine  
  101  6:27  Widow Mine  
  105  6:37  Barracks  
  105  6:38  Barracks  
  105  6:40  Supply Depot  
  105  6:41  Marauder  
  105  6:42  Marauder, Marine x2  
  105  6:44  Concussive Shells  
  100  6:55  Medivac x2  
  100  7:00  Marine x2  
  104  7:01  SCV  
  104  7:02  Marauder, SCV  
  104  7:04  Marauder  
  100  7:15  Ghost Academy, SCV x2  
  98  7:17  Marine  
  98  7:18  Marine  
  98  7:19  Widow Mine x2  
  98  7:22  Terran Infantry Armor Level 1  
  104  7:24  Marauder  
  104  7:25  Marauder  
  104  7:26  Barracks Reactor  
  104  7:28  SCV x2  
  110  7:32  Barracks Tech Lab  
  110  7:37  Marine  
  110  7:40  SCV x2  
  113  7:44  Ghost  
  113  7:46  Ghost, Marine  
  113  7:49  Orbital Command  
  113  7:50  Ghost  
  123  7:52  Widow Mine  
  123  7:55  Marine, SCV x2  
  123  7:57  Supply Depot  
  128  7:59  Widow Mine  
  128  8:01  Viking  
  128  8:03  Marine  
  128  8:04  Supply Depot  
  133  8:06  Marine  
  133  8:07  SCV  
  133  8:09  Marine  
  136  8:13  Marine  
  136  8:14  Marauder  
  136  8:15  Marauder  
  136  8:18  Medivac  
  143  8:22  SCV x3  
  143  8:23  Supply Depot, Widow Mine  
  143  8:26  Marauder, Widow Mine  
  152  8:28  Supply Depot, Marine  
  152  8:32  Marine x3  
  156  8:37  SCV x2  
  156  8:45  Marauder x2, Marine  
  156  8:47  Marine  
  156  8:48  Widow Mine x2  
  164  8:49  Marine  
  164  8:50  Marine  
  164  8:51  Armory  
  150  9:05  Marauder  
  150  9:06  Marine  
  150  9:07  Marauder x2  
  150  9:08  Medivac  
  150  9:09  Medivac  
  150  9:15  Refinery x2, Command Center  
  145  9:24  Marine  
  145  9:25  Marine  
  145  9:26  Ghost  
  145  9:28  Marauder x2  
  145  9:29  SCV  
  145  9:30  SCV  
  149  9:35  Marine x2  
  149  9:39  Medivac x2  
  149  9:42  Marine x2  
  155  9:47  Missile Turret  
  155  9:49  Marauder x2  
  159  9:59  Marauder  
  145  10:02  SCV  
  131  10:07  Engineering Bay  
  131  10:08  Marine  
  131  10:10  Marine x2  
  131  10:11  Marauder x2  
  131  10:14  Widow Mine x2  
  143  10:15  Marine  
Show
View Real Time Build Order
Export as new Build Order

Astrea Protoss 

Build Orders: 1 Gate Expand, Phoenix Opening, Archon Immortal, Blink Stalkers 

Get SALT Encoding   

  12  0:00  Probe  
  13  0:12  Probe  
  14  0:16  Pylon  
  14  0:23  Probe  
  15  0:31  Probe  
  16  0:36  Gateway  
  16  0:39  Probe  
  16  0:44  Assimilator  
  17  0:51  Probe  
  18  1:03  Probe  
  19  1:15  Probe  
  20  1:22  Nexus  
  20  1:29  Cybernetics Core  
  20  1:33  Probe  
  20  1:38  Assimilator  
  21  1:45  Probe  
  22  1:49  Pylon  
  22  1:55  Stalker  
  22  1:57  Probe  
  23  2:05  Probe  
  23  2:06  Warp Gate  
  25  2:13  Probe, Shield Battery  
  27  2:23  Phoenix  
  27  2:24  Probe, Sentry  
  30  2:34  Probe  
  30  2:36  Probe  
  32  2:40  Twilight Council  
  32  2:46  Shield Battery  
  32  2:48  Probe  
  33  2:51  Probe  
  33  2:54  Phoenix  
  33  2:57  Blink  
  33  2:58  Stalker  
  34  3:01  Probe  
  34  3:03  Probe  
  38  3:13  Probe  
  38  3:16  Probe  
  40  3:25  Probe  
  41  3:27  Stalker  
  41  3:28  Probe  
  41  3:33  Pylon  
  44  3:37  Probe  
  44  3:39  Gateway  
  44  3:40  Probe  
  46  3:50  Gateway  
  46  3:51  Probe  
  46  3:53  Probe  
  48  4:00  Robotics Facility  
  48  4:03  Probe  
  48  4:05  Probe, Stalker  
  52  4:10  Assimilator  
  52  4:12  Phoenix  
  52  4:14  Pylon, Assimilator  
  52  4:15  Probe  
  53  4:17  Probe  
  54  4:27  Probe  
  54  4:30  Probe  
  54  4:39  Probe, Stalker x2  
  54  4:42  Probe  
  54  4:45  Pylon  
  59  4:51  Probe  
  60  4:55  Probe  
  60  4:59  Templar Archives  
  61  5:05  Gateway  
  61  5:07  Gateway  
  61  5:09  Charge  
  61  5:10  Gateway  
  61  5:12  Probe  
  61  5:13  Observer  
  63  5:17  Pylon  
  63  5:26  Psionic Storm  
  63  5:27  Nexus  
  63  5:33  Zealot  
  63  5:34  Zealot  
  68  5:41  Observer  
  68  5:44  Zealot  
  68  5:46  Probe  
  68  5:49  Pylon  
  71  5:50  Probe  
  72  5:58  Forge, Probe  
  72  5:59  High Templar  
  72  6:03  Zealot  
  77  6:04  Probe  
  77  6:07  Immortal  
  77  6:09  High Templar  
  77  6:10  Probe  
  81  6:16  Probe  
  81  6:17  Pylon  
  82  6:21  Protoss Ground Weapons Level 1  
  86  6:26  Pylon  
  84  6:36  Probe  
  84  6:42  Zealot x3  
  88  6:52  Probe  
  87  6:56  Zealot x3  
  91  7:05  Archon  
  91  7:07  Zealot x3  
  87  7:08  Probe x2  
  87  7:12  Probe  
  90  7:16  Probe x2  
  90  7:17  Observer, Pylon  
  90  7:22  High Templar x3  
  99  7:24  Probe  
  99  7:26  Probe  
  99  7:27  Probe  
  102  7:36  Observer, Probe  
  104  7:37  Assimilator  
  104  7:38  Probe  
  104  7:39  Probe, Assimilator  
  104  7:41  Zealot  
  104  7:42  Pylon  
  108  7:45  Nexus  
  108  7:48  Probe, High Templar  
  108  7:51  Probe x2  
  112  7:53  High Templar  
  112  7:54  Immortal  
  112  7:57  Observer  
  115  8:01  Probe  
  115  8:03  Forge, Probe  
  121  8:07  Probe  
  121  8:08  Observer  
  122  8:13  Probe  
  122  8:15  Observer, Pylon x2, Probe  
  122  8:18  High Templar  
  125  8:21  Probe  
  125  8:23  High Templar  
  125  8:24  Pylon, Zealot x3  
  125  8:26  Pylon  
  133  8:33  Probe  
  134  8:35  Probe  
  134  8:38  Probe  
  135  8:41  High Templar  
  135  8:45  Probe  
  135  8:48  Gateway  
  134  8:49  Gateway  
  134  8:50  Gateway  
  134  8:52  Gateway  
  134  8:54  Zealot x4  
  140  9:00  Zealot  
  123  9:03  Immortal  
  123  9:06  Archon  
  123  9:08  Probe  
  122  9:11  Probe x2  
  122  9:12  Photon Cannon  
  122  9:13  Shield Battery  
  128  9:19  Archon  
  128  9:20  Zealot x3  
  128  9:23  Zealot x2  
  126  9:27  High Templar  
  126  9:30  Immortal  
  80  9:41  Stalker x3  
  80  9:44  High Templar x4  
  94  9:47  Zealot  
  94  9:48  Archon  
  96  9:55  Archon  
  96  9:57  Zealot  
  90  10:02  Stalker  
  90  10:06  Zealot x3  
  86  10:08  Zealot  
  82  10:18  Stalker x5  
Tags
 
Add a new tag
Caveats
  • Supply blocks, unpowered buildings, or Contaminate may cause inaccurate times.
  • Supply counts are checked every 10 seconds.